 Dungeon Crawl Stone Soup version 0.29-a0-612-gb8e136f (webtiles) character file.

Game seed: 6979804068318388117

3607 Illumine the Grappler (level 9, -20/73 (88) HPs)
             Began as a Troll Cinder Acolyte on June 16, 2022.
             Was a Follower of Ignis.
             Demolished by an orc warlord
             ... wielding a +1 dire flail of draining
              (33 damage)
             ... in a bailey.
             The game lasted 00:12:14 (6274 turns).

Illumine the Grappler (Troll Cinder Acolyte)        Turns: 6274, Time: 00:12:15

HP:   -20/73 (88)   AC: 12    Str: 28    XL:     9   Next: 86%
MP:   3/9           EV:  8    Int: 10    God:    Ignis [*.....]
Gold: 383           SH: 12    Dex:  5    Spells: 8/10 levels left

rFire   + . .      SeeInvis .     - Unarmed
rCold   + . .      Faith    .   x - +0 kite shield
rNeg    . . .      Spirit   .   b - +0 robe
rPois   .          Reflect  +   (helmet restricted)
rElec   .          Harm     .   t - +0 cloak
rCorr   .          Rampage  .   (gloves unavailable)
Will    .....                   (boots unavailable)
Stlth   +.........              e - amulet of reflection
HPRegen 1.02/turn               C - ring of protection from cold
MPRegen 0.11/turn               (no ring)

@: fiery-armoured, heavily drained
A: large, unfitting armour, claws 3, regeneration 1, shaggy fur 1, tough skin 1
a: Renounce Religion, Fiery Armour, Foxfire Swarm, Rising Flame


You were in a bailey.
You worshipped Ignis.
Ignis was aware of your devotion.
You visited 1 branch of the dungeon, and saw 7 of its levels.
You also visited: Bailey.

You collected 383 gold pieces.

Inventory:

Hand Weapons
 a - a -1 falchion of flaming
Missiles
 f - 15 poisoned darts
 g - 112 stones
 D - 4 throwing nets
 E - 3 silver javelins (quivered)
Armour
 b - a +0 robe (worn)
 t - a +0 cloak (worn)
 w - +0 shadow dragon scales
 x - a +0 kite shield (worn)
Jewellery
 e - an amulet of reflection (around neck)
 v - a ring of ice
 C - a ring of protection from cold (left claw)
Wands
 n - a wand of polymorph (4)
Scrolls
 c - a scroll of blinking {unknown}
 i - 2 scrolls of noise
 k - a scroll of teleportation {unknown}
 m - 3 scrolls of enchant weapon
 o - 2 scrolls of enchant armour {unknown}
 p - a scroll of poison {unknown}
 q - a scroll of fear {unknown}
 r - a scroll of torment {unknown}
 u - a scroll of amnesia {unknown}
 y - a scroll of immolation {unknown}
 B - a scroll of fog {unknown}
 F - a scroll of silence {unknown}
 J - a scroll of summoning {unknown}
 K - 2 scrolls of magic mapping {unknown}
Potions
 d - a potion of magic {unknown}
 h - 4 potions of brilliance
 l - a potion of mutation {unknown}
 s - 3 potions of curing
 z - a potion of flight {unknown}
 A - 4 potions of might {unknown}
 G - 3 potions of invisibility {unknown}
 H - a potion of ambrosia {unknown}
 I - 2 potions of resistance {unknown}


   Skills:
 + Level 5.6 Fighting
 - Level 2.4 Long Blades
 - Level 1.9 Armour
 + Level 4.8 Dodging
 + Level 4.9 Shields
 * Level 9.4 Unarmed Combat
 - Level 1.0 Spellcasting
 - Level 2.1 Fire Magic


You had 8 spell levels left.
You knew the following spells:

 Your Spells              Type           Power      Damage    Failure   Level
a - Scorch                Fire           8%         2d5       43%         2

Your spell library contained the following spells:

 Spells                   Type           Power      Damage    Failure   Level
 Freeze                   Ice            0%         1d3       58%         1
 Conjure Flame            Conj/Fire      2%         6-21      82%         3
 Ignite Poison            Fire/Tmut/Pois 1%         N/A       86%         3
 Frozen Ramparts          Ice            0%         1d2       92%         3
 Sticky Flame             Conj/Fire      2%         2d3       99%         4
 Hailstorm                Conj/Ice       0%         3d3       100%        4


Dungeon Overview and Level Annotations

Branches:
Dungeon (7/15)             Temple (0/1) D:7          Bailey (1/1)

Altars:
Xom
The Shining One

Shops:
D:3 (   D:4 *   D:5 !


Innate Abilities, Weirdness & Mutations

You are too large for most types of armour.
You have claws for hands.
Your natural rate of healing is unusually fast.
You are covered in fur. (AC +1)
You have tough skin. (AC +1)


Message History

The orc warlord is heavily wounded.
The foxfire hits the orc warlord.
The orc warlord is heavily wounded.
The foxfire hits the orc warlord.
The orc warlord is heavily wounded.
The foxfire hits the orc warlord but does no damage.
The orc warlord is heavily wounded.
The foxfire hits the orc warlord but does no damage.
The orc warlord is heavily wounded.
The foxfire hits the orc warlord but does no damage.
The orc warlord is heavily wounded.
The foxfire hits the orc warlord but does no damage.
The orc warlord is heavily wounded.
The foxfire hits the orc warlord but does no damage.
The orc warlord is heavily wounded.
The orc warlord hits you with a +1 dire flail of draining!
You feel drained.
The foxfire hits the orc warlord but does no damage.
The orc warlord is heavily wounded.
The foxfire hits the orc warlord but does no damage.
The orc warlord is heavily wounded.
The foxfire hits the orc warlord.
The orc warlord is heavily wounded.
Unknown command.
You feel much better.
The foxfire hits the orc warlord but does no damage.
The orc warlord is heavily wounded.
The foxfire hits the orc warlord but does no damage.
The orc warlord is heavily wounded.
The orc warlord hits you with a +1 dire flail of draining!
You feel drained.
You feel much better.
The orc warlord hits you with a +1 dire flail of draining!!!
* * * LOW HITPOINT WARNING * * *
You feel drained.
* * * LOW HITPOINT WARNING * * *
Unknown command.
Your cloak of flame flares fiercely!
The orc warlord hits you with a +1 dire flail of draining!!
You die...

...#...........#
..###.........###
###.###.....#+#.###
#
...###.###.....###
...o ##.........##
g.... #8..........#
....o.#8..........#
.....('...)))....∩#
......#8...)o@....#
..... #8....).....#
...o ###.........##
#
...###.###)[...###
###.###.....#'#.###
..###.......[)###
...#...........#
...#...........#
..[#[....⌠.....#


You could see an orc warlord.

Vanquished Creatures
  Joseph (D:7)
  A troll (D:6)
  Grinder (D:5)
  A yak (D:6)
  Menkaure (D:5)
  2 ice beasts (D:6)
  8 orc warriors (Bailey)
  A black bear (D:7)
  A centaur (D:7)
  A phantom (D:4)
  2 bullfrogs
  A gnoll sergeant (D:6)
  A necrophage (D:4)
  A scorpion (D:5)
  4 wights
  2 jellies (D:6)
  Crazy Yiuf (D:5)
  3 orc priests
  6 hounds
  A gnoll shaman (D:7)
  3 orc wizards
  2 iguanas (D:5)
  20 gnolls
  4 adders
  3 white imps
  An ufetubus (D:3)
  A worm (D:3)
  5 dart slugs
  25 orcs
  6 bats
  4 endoplasms
  2 giant cockroaches (D:2)
  13 goblins
  18 hobgoblins
  11 jackals
  A quokka (D:5)
  7 ball pythons
  4 frilled lizards
  3 kobolds
  10 rats
183 creatures vanquished.

Vanquished Creatures (others)
  88 foxfires (Bailey)
88 creatures vanquished.

Grand Total: 271 creatures vanquished

Notes
Turn   | Place    | Note
-------+----------+-------------------------------------------
     0 | D:1      | Illumine the Troll Cinder Acolyte began the quest for the
                  | Orb.
     0 | D:1      | Reached XP level 1. HP: 22/22 MP: 1/1
    66 | D:1      | Reached skill level 1 in Unarmed Combat
   138 | D:1      | Reached XP level 2. HP: 29/29 MP: 2/2
   187 | D:1      | Reached skill level 2 in Unarmed Combat
   784 | D:2      | Reached XP level 3. HP: 34/36 MP: 3/3
   914 | D:2      | Reached skill level 3 in Unarmed Combat
  1567 | D:3      | Reached XP level 4. HP: 29/44 MP: 4/4
  1644 | D:3      | Reached skill level 4 in Unarmed Combat
  1898 | D:3      | Identified the +1 pair of gloves of the Clam {Will+ Dex+4}
  1953 | D:3      | Found a shimmering altar of Xom.
  1981 | D:3      | Reached XP level 5. HP: 42/50 MP: 5/5
  2167 | D:3      | Found Ceemism's Weapon Shoppe.
  2337 | D:4      | Reached skill level 1 in Dodging
  2417 | D:4      | Found Qikej's Fire Supplies.
  2577 | D:4      | Reached skill level 5 in Unarmed Combat
  2577 | D:4      | Reached XP level 6. HP: 51/61 MP: 6/6
  2889 | D:4      | Reached skill level 1 in Armour
  2889 | D:4      | Reached skill level 1 in Shields
  3058 | D:5      | Entered Level 5 of the Dungeon
  3073 | D:5      | Noticed Grinder
  3083 | D:6      | Noticed an ice beast
  3100 | D:5      | Paralysed by Grinder for 3 turns
  3104 | D:5      | Killed Grinder
  3105 | D:5      | Reached XP level 7. HP: 46/67 MP: 7/7
  3149 | D:5      | Reached skill level 6 in Unarmed Combat
  3155 | D:5      | Noticed Menkaure
  3161 | D:5      | Killed Menkaure
  3243 | D:5      | Found Histooka's Distillery.
  3259 | D:5      | Learned a level 2 spell: Scorch
  3300 | D:5      | Found a glowing golden altar of the Shining One.
  3400 | D:5      | Found a runed translucent door.
  3401 | D:5      | Noticed Crazy Yiuf
  3504 | D:5      | Reached XP level 8. HP: 78/78 MP: 8/8
  3676 | D:5      | Killed Crazy Yiuf
  3879 | D:6      | Reached skill level 7 in Unarmed Combat
  4527 | D:6      | Noticed a troll
  4534 | D:6      | Killed a troll
  4884 | D:6      | Reached skill level 8 in Unarmed Combat
  4884 | D:6      | Reached XP level 9. HP: 78/85 MP: 4/9
  5356 | D:7      | Noticed Joseph
  5389 | D:7      | Killed Joseph
  5390 | D:7      | Reached skill level 5 in Fighting
  5482 | D:7      | Found a staircase to the Ecumenical Temple.
  5794 | D:7      | Found a flagged portal.
  5814 | Bailey   | Entered a bailey
  6148 | Bailey   | Reached skill level 9 in Unarmed Combat
  6247 | Bailey   | Noticed an orc warlord
  6274 | Bailey   | Demolished by an orc warlord

Illustrated notes

Levels and vault maps discovered:
D:1:      beargit_arrival_diablo_church, layout_basic
D:2:      layout_loops_corners, minmay_vboxes
D:3:      layout_loops_ring, mainiacjoe_overflow_catwalk, serial_shops,
          nicolae_shop_waterfront, hangedman_decor_riveting
D:4:      layout_basic, nicolae_shop_fire_sale [nicolae_sub_dead_trees]
D:5:      layout_cave_pools, nicolae_tso_swordbearing_angel,
          nicolae_stop_n_shop_1, uniq_crazy_yiuf_cottage, uniq_menkaure,
          uniq_grinder
D:6:      kennysheep_big_flooded_room, layout_layer_cave
D:7:      layout_rooms, minmay_temple_entry_purple_smoke, enter_bailey_7,
          uniq_joseph
Bailey:   bailey_axe_minmay_hex_keep, bailey

Skill      XL: |  1  2  3  4  5  6  7  8  9 |
---------------+----------------------------+-----
Unarmed Combat | 1 2 3 4 5 6 8 9 |  9.4
Dodging        | 1 2 3 4 |  4.8
Fighting       | 3 4 5 |  5.6
Armour         | 1 |  1.9
Shields        | 1 2 3 4 |  4.9
Long Blades    | |  2.4
Spellcasting   | |  1.0
Fire Magic     | |  2.1

Action                   |  1- 3 |  4- 6 |  7- 9 || total
-------------------------+-------+-------+-------++-------
Melee: Falchion          |    46 |       |       ||    46
       Unarmed           |    73 |   167 |   308 ||   548
       Punch             |     1 |       |       ||     1
Throw: Stone             |       |     2 |    20 ||    22
       Dart              |       |       |     1 ||     1
       Javelin           |       |       |     1 ||     1
 Cast: Scorch            |       |       |     5 ||     5
Invok: Fiery Armour      |       |     1 |     4 ||     5
       Foxfire Swarm     |       |       |     4 ||     4
  Use: Scroll            |       |       |     5 ||     5
       Potion            |       |       |     2 ||     2
Armor: Robe              |    63 |    37 |    40 ||   140
Dodge: Dodged            |    53 |    35 |    62 ||   150
Block: Other             |    33 |    29 |       ||    62
       Kite shield       |       |       |   153 ||   153
       Reflection        |       |       |     3 ||     3

Table legend: (Time is in decaauts)
 A = Elapsed time spent in this place.
 B = Non-inter-level travel time spent in this place.
 C = Inter-level travel time spent in this place.
 D = Time resting spent in this place.
 E = Time spent auto-exploring this place.
 F = Levels seen in this place.
 G = Mean time per level.
                   A        B        C        D        E       F      G
               +--------+--------+--------+--------+--------+-----+--------+
         Total |   6260 |   5973 |    287 |    525 |   3748 |   8 |  782.5 |
       Dungeon |   5805 |   5518 |    287 |    391 |   3748 |   7 |  829.3 |
        Bailey |    455 |    455 |      0 |    134 |      0 |   1 |  455.0 |
               +--------+--------+--------+--------+--------+-----+--------+

Top non-repeatable levels by time:
     D:6: 1499 daAuts
     D:2: 876 daAuts
     D:3: 790 daAuts
     D:4: 726 daAuts
     D:5: 721 daAuts
     D:1: 653 daAuts
     D:7: 538 daAuts
  Bailey: 455 daAuts
